 Dungeon Sprint DCSS version 0.17.0-27-g4a3f43e (webtiles) character file.

13400000 oplop the Axe Maniac (level 27, -62/272 (273) HPs)
             Began as a Ghoul Gladiator on Nov 21, 2015.
             Was the Champion of Makhleb.
             Annihilated by a fleshlord
             ... wielding a +9 great mace
              (301 damage)
             ... in the Dungeon (Sprint VIII: "Arena of Blood").
             The game lasted 00:07:32 (134 turns).

oplop the Axe Maniac (Ghoul Gladiator)               Turns: 134, Time: 00:07:32

HP:   -62/272 (273) AC:  8    Str: 30    XL:     27
MP:   46/53         EV: 25    Int:  3    God:    Makhleb [******]
Gold: 0             SH:  0    Dex: 11    Spells: 0 memorised, 80 levels left

rFire  . . .     SeeInvis .     l - +∞ Axe of Woe
rCold  + . .     Clarity  .     b - +0 leather armour
rNeg   + + +     SustAt   .     (shield currently unavailable)
rPois  ∞         Gourm    .     c - +0 helmet
rElec  .         Spirit   .     (no cloak)
rCorr  .         Warding  .     (no gloves)
rMut   .         NoTele   +     (no boots)
MR     ++...                    (no amulet)
Stlth  +++++++++.               (no ring)
                                m - +200 ring of slaying

@: rotting, slowed, very slow, very resistant to hostile enchantments,
incredibly stealthy
A: rotting body, claws 1, carnivore 3, cold resistance 1, negative energy
resistance 3, slow regeneration 1, torment resistance, unbreathing
a: Minor Destruction, Lesser Servant of Makhleb, Major Destruction, Greater
Servant of Makhleb, Renounce Religion


You were in the Dungeon.
You worshipped Makhleb.
Makhleb was exalted by your worship.
You were not hungry.

You visited 1 branch

Inventory:

Hand Weapons
 a - a +0 war axe
 l - the +∞ Axe of Woe (weapon)
   (You found it in the Dungeon)
Missiles
 d - 3 throwing nets (quivered)
Armour
 b - a +0 leather armour (worn)
 c - a +0 helmet (worn)
Jewellery
 m - a +200 ring of slaying (left claw)
Scrolls
 k - a scroll of blinking
Potions
 f - a potion of curing
 g - a potion of heal wounds
 h - a potion of haste
 i - 2 potions of magic
 j - a potion of berserk rage
Comestibles
 e - a meat ration


   Skills:
 O Level 27 Fighting
 O Level 27 Axes
 O Level 27 Throwing
 O Level 27 Armour
 O Level 27 Dodging
 O Level 27 Stealth
 O Level 27 Unarmed Combat
 O Level 27 Spellcasting
 O Level 27 Invocations


You had 80 spell levels left.
You didn't know any spells.

Dungeon Overview and Level Annotations

Branches:
Dungeon (1/1)

Altars:
Makhleb


Innate Abilities, Weirdness & Mutations

Your body is rotting away.
You thrive on raw meat.
You are immune to poison.
You have sharp fingernails.
You are carnivorous and can eat meat at any time.
Your flesh is cold resistant.
You are immune to negative energy.
You regenerate slowly when monsters are visible.
You are immune to unholy pain and torment.
You can survive without breathing.


Message History

You cut the bag of meat into ribbons!!!!
You chop the bag of meat into pieces.
You kill the bag of meat!
Makhleb accepts your kill.
You hear a shout!
The fleshlord is engulfed in poison gas.
The fleshlord looks even sicker.
You hear a shout!
The destroyer blinks!
The fleshlord points at you and mumbles some strange words.
You feel as though you will be slow longer.
You hear a shout!
The dread throws hellfire at you.
The hellfire explodes!
The blast of hellfire engulfs the meat berserker.
The blast of hellfire engulfs you!
The fleshlord is engulfed in poison gas.
The fleshlord hits you with a +9 great mace!!!!!!
Ouch! That really hurt!
You die...

..............
#{.........#p#....
#.....p%...........
#...§§....%.......
o.#..M§§§..........
.DV.o§.§..§.%.....
.oD.WzO§S§§.......
#@p)§)..# V #)§§§)))#
....
...###§V).)))###.....
.O%.%§§§###S)))......
#.....§))_)))))......
......#.))))#.%.....#
......#_.<)_#........
...§..#...%%#..%...#.
#.%......_...........


You could see an accursed, 2 eight-headed meat hydras, 2 destroyers, 2 scourges,
3 fleshlords, a sculptor of flesh, a dread, a meat berserker (berserk) and 3
bags of meat.

Vanquished Creatures
  A hell knight (D)
  Sigmund (D)
  8 hell beasts (D)
  Edmund (D)
  4 greater mummies (D)
  6 great orbs of eyes (D)
  6 wraiths (D)
  20 vampire knights (D)
  44 ogres (D)
  6 liches (D)
  3 hydras (D)
  91 orcs (D)
  6 phantoms (D)
  10 hill giants (D)
  3 skeletal warriors (D)
  4 sea snakes (D)
  12 large abominations (D)
  10 small abominations (D)
  14 crawling corpses (D)
250 creatures vanquished.

Vanquished Creatures (collateral kills)
  2 crawling corpses (D)
2 creatures vanquished.

Vanquished Creatures (others)
  A small abomination (D)
  5 crawling corpses (D)
6 creatures vanquished.

Grand Total: 258 creatures vanquished

Notes
Turn   | Place    | Note
--------------------------------------------------------------
     0 | D        | oplop the Ghoul Gladiator began the quest for the Orb.
     0 | D        | Reached XP level 1. HP: 17/17 MP: 0/0
     3 | D        | Noticed a bag of meat
     4 | D        | Became a worshipper of Makhleb the Destroyer
     5 | D        | Noticed a bag of meat
     8 | D        | Noticed a meat berserker
     8 | D        | Noticed a bag of meat
     8 | D        | Killed a bag of meat
     8 | D        | Reached skill level 14 in Fighting
     8 | D        | Reached skill level 16 in Axes
     8 | D        | Reached XP level 2. HP: 20/47 MP: 1/1
     8 | D        | Reached XP level 3. HP: 22/53 MP: 2/2
     8 | D        | Reached XP level 4. HP: 25/61 MP: 3/3
     8 | D        | Reached XP level 5. HP: 27/68 MP: 4/4
     8 | D        | Reached XP level 6. HP: 29/75 MP: 5/5
     8 | D        | Reached XP level 7. HP: 31/82 MP: 6/6
     8 | D        | Reached XP level 8. HP: 34/90 MP: 7/7
     8 | D        | Reached XP level 9. HP: 36/96 MP: 8/8
     8 | D        | Reached XP level 10. HP: 39/104 MP: 9/9
     8 | D        | Reached XP level 11. HP: 41/111 MP: 10/10
     8 | D        | Reached XP level 12. HP: 43/118 MP: 11/11
     8 | D        | Killed a bag of meat
     8 | D        | Reached * piety under Makhleb
     8 | D        | Reached skill level 19 in Axes
     8 | D        | Reached XP level 13. HP: 45/130 MP: 12/12
     9 | D        | Noticed a meat berserker
     9 | D        | Noticed a meat berserker
    12 | D        | Noticed a bag of meat
    13 | D        | Noticed a meat berserker
    13 | D        | Noticed a bag of meat
    13 | D        | Killed a meat berserker
    13 | D        | Reached skill level 21 in Axes
    13 | D        | Reached XP level 14. HP: 112/146 MP: 13/13
    14 | D        | Noticed a meat berserker
    14 | D        | Killed a meat berserker
    14 | D        | Reached ** piety under Makhleb
    14 | D        | Reached skill level 23 in Axes
    14 | D        | Reached XP level 15. HP: 118/157 MP: 14/14
    15 | D        | Noticed a meat berserker
    15 | D        | Killed a meat berserker
    15 | D        | Reached skill level 25 in Axes
    15 | D        | Reached XP level 16. HP: 123/170 MP: 15/15
    15 | D        | Killed a bag of meat
    15 | D        | Reached *** piety under Makhleb
    15 | D        | Reached skill level 26 in Axes
    16 | D        | Noticed a bag of meat
    16 | D        | Noticed a bag of meat
    16 | D        | Noticed a large bag of meat
    16 | D        | Noticed a bag of meat
    16 | D        | Noticed a meat berserker
    16 | D        | Noticed a bag of meat
    17 | D        | Noticed a bag of meat
    17 | D        | Noticed a meat berserker
    17 | D        | Noticed a bag of meat
    17 | D        | Killed a meat berserker
    17 | D        | Reached skill level 27 in Axes
    17 | D        | Reached XP level 17. HP: 159/185 MP: 16/16
    17 | D        | Killed a meat berserker
    17 | D        | Reached **** piety under Makhleb
    17 | D        | Reached skill level 27 in Fighting
    17 | D        | Reached XP level 18. HP: 193/200 MP: 17/17
    18 | D        | Noticed a bag of meat
    18 | D        | Noticed a bag of meat
    18 | D        | Noticed a bag of meat
    18 | D        | Noticed a bag of meat
    18 | D        | Killed a meat berserker
    18 | D        | Killed a bag of meat
    19 | D        | Noticed a meat berserker
    19 | D        | Killed a bag of meat
    19 | D        | Reached skill level 27 in Armour
    19 | D        | Reached skill level 27 in Dodging
    19 | D        | Reached XP level 19. HP: 207/207 MP: 17/28
    20 | D        | Noticed a bag of meat
    20 | D        | Noticed a bag of meat
    20 | D        | Noticed a bag of meat
    20 | D        | Killed a meat berserker
    20 | D        | Reached ***** piety under Makhleb
    21 | D        | Killed a meat berserker
    21 | D        | Reached skill level 27 in Invocations
    21 | D        | Reached XP level 20. HP: 216/216 MP: 17/36
    22 | D        | Killed a bag of meat
    22 | D        | Killed a meat berserker
    22 | D        | Killed a bag of meat
    25 | D        | Noticed a meat berserker
    25 | D        | Killed a bag of meat
    25 | D        | Reached skill level 27 in Throwing
    25 | D        | Reached XP level 21. HP: 224/224 MP: 18/37
    25 | D        | Killed a bag of meat
    26 | D        | Noticed a meat berserker
    26 | D        | Killed a bag of meat
    26 | D        | Reached ****** piety under Makhleb
    26 | D        | Killed a bag of meat
    26 | D        | Killed a bag of meat
    27 | D        | Noticed a destroyer
    27 | D        | Killed a large bag of meat
    27 | D        | Killed a bag of meat
    27 | D        | Reached XP level 22. HP: 233/233 MP: 18/51
    28 | D        | Noticed a meat berserker
    28 | D        | Noticed a bag of meat
    28 | D        | Killed a bag of meat
    28 | D        | Reached skill level 27 in Spellcasting
    29 | D        | Killed a meat berserker
    29 | D        | Killed a bag of meat
    30 | D        | Noticed a bag of meat
    31 | D        | Noticed a meat berserker
    31 | D        | Killed a meat berserker
    31 | D        | Reached XP level 23. HP: 240/240 MP: 19/53
    31 | D        | Killed a bag of meat
    32 | D        | Killed a bag of meat
    32 | D        | Reached skill level 27 in Stealth
    32 | D        | Reached skill level 27 in Unarmed Combat
    33 | D        | Noticed a meat berserker
    33 | D        | Noticed a meat berserker
    33 | D        | Noticed a destroyer
    34 | D        | Killed a meat berserker
    34 | D        | Killed a destroyer
    34 | D        | Reached XP level 24. HP: 249/249 MP: 20/53
    34 | D        | Killed a meat berserker
    35 | D        | Noticed a destroyer
    35 | D        | Killed a bag of meat
    35 | D        | Killed a destroyer
    36 | D        | Noticed a destroyer
    36 | D        | Noticed a bag of meat
    36 | D        | Noticed a destroyer
    36 | D        | Noticed an eight-headed meat hydra
    37 | D        | Noticed a bag of meat
    37 | D        | Noticed a large bag of meat
    37 | D        | Noticed a large bag of meat
    37 | D        | Killed a meat berserker
    37 | D        | Reached XP level 25. HP: 236/257 MP: 21/53
    37 | D        | Killed a bag of meat
    38 | D        | Noticed a bag of meat
    38 | D        | Noticed a meat berserker
    38 | D        | Noticed a bag of meat
    38 | D        | Noticed a bag of meat
    39 | D        | Noticed a destroyer
    39 | D        | Noticed a bag of meat
    39 | D        | Noticed a bag of meat
    39 | D        | Killed a meat berserker
    39 | D        | Killed a bag of meat
    39 | D        | Killed a destroyer
    39 | D        | Reached XP level 26. HP: 266/266 MP: 21/53
    40 | D        | Noticed a bag of meat
    40 | D        | Noticed a meat berserker
    40 | D        | Killed a meat berserker
    42 | D        | Noticed a bag of meat
    42 | D        | Killed a destroyer
    43 | D        | Noticed a bag of meat
    43 | D        | Noticed a large bag of meat
    43 | D        | Noticed a bag of meat
    43 | D        | Noticed a bag of meat
    43 | D        | Noticed a destroyer
    44 | D        | Noticed a meat berserker
    44 | D        | Noticed a bag of meat
    44 | D        | Noticed a bag of meat
    44 | D        | Noticed a bag of meat
    44 | D        | Noticed a destroyer
    44 | D        | Killed a bag of meat
    44 | D        | Killed a destroyer
    44 | D        | Reached XP level 27. HP: 273/273 MP: 23/53
    44 | D        | Killed a bag of meat
    45 | D        | Killed a bag of meat
    46 | D        | Noticed a bag of meat
    46 | D        | Noticed a meat berserker
    46 | D        | Killed a large bag of meat
    46 | D        | Killed an eight-headed meat hydra
    47 | D        | Noticed a bag of meat
    47 | D        | Noticed a tyrant
    47 | D        | Killed a meat berserker
    47 | D        | Killed a bag of meat
    47 | D        | Killed a destroyer
    48 | D        | Noticed a meat berserker
    48 | D        | Killed a meat berserker
    48 | D        | Killed a bag of meat
    48 | D        | Killed a bag of meat
    48 | D        | Killed a destroyer
    48 | D        | Killed a large bag of meat
    49 | D        | Noticed a meat berserker
    49 | D        | Noticed a destroyer
    49 | D        | Noticed a bag of meat
    49 | D        | Noticed a sculptor of flesh
    49 | D        | Noticed a bag of meat
    49 | D        | Noticed a large bag of meat
    49 | D        | Killed a bag of meat
    49 | D        | Killed a bag of meat
    49 | D        | Killed a bag of meat
    50 | D        | Noticed a bag of meat
    50 | D        | Noticed a large bag of meat
    50 | D        | Noticed a meat berserker
    50 | D        | Noticed a bag of meat
    50 | D        | Noticed a bag of meat
    50 | D        | Noticed a destroyer
    51 | D        | Noticed a tyrant
    51 | D        | Noticed a meat berserker
    51 | D        | Noticed a meat berserker
    51 | D        | Killed a bag of meat
    51 | D        | Killed a bag of meat
    51 | D        | Killed a meat berserker
    52 | D        | Noticed a bag of meat
    52 | D        | Killed a bag of meat
    53 | D        | Noticed a bag of meat
    53 | D        | Noticed a bag of meat
    53 | D        | Noticed a bag of meat
    53 | D        | Killed a tyrant
    53 | D        | Killed a bag of meat
    54 | D        | Noticed a meat berserker
    54 | D        | Noticed a bag of meat
    54 | D        | Noticed a bag of meat
    54 | D        | Noticed a bag of meat
    54 | D        | Noticed a destroyer
    54 | D        | Noticed a meat berserker
    54 | D        | Noticed a meat berserker
    54 | D        | Noticed a bag of meat
    54 | D        | Killed a meat berserker
    54 | D        | Killed a meat berserker
    54 | D        | Killed a bag of meat
    54 | D        | Killed a tyrant
    55 | D        | Noticed a meat berserker
    55 | D        | Noticed a meat berserker
    55 | D        | Killed a destroyer
    55 | D        | Killed a destroyer
    56 | D        | Noticed a destroyer
    56 | D        | Noticed a bag of meat
    56 | D        | Killed a large bag of meat
    56 | D        | Killed a meat berserker
    56 | D        | Killed a destroyer
    56 | D        | Killed a meat berserker
    57 | D        | Noticed a bag of meat
    57 | D        | Noticed a bag of meat
    57 | D        | Noticed a meat berserker
    57 | D        | Noticed a tyrant
    57 | D        | Noticed a large bag of meat
    57 | D        | Killed a sculptor of flesh
    57 | D        | Killed a meat berserker
    58 | D        | Noticed a bag of meat
    58 | D        | Killed a bag of meat
    58 | D        | Killed a meat berserker
    58 | D        | Killed a destroyer
    59 | D        | Noticed a meat berserker
    59 | D        | Noticed a bag of meat
    59 | D        | Noticed a bag of meat
    59 | D        | Noticed a bag of meat
    59 | D        | Noticed a meat berserker
    60 | D        | Noticed a sculptor of flesh
    60 | D        | Noticed a bag of meat
    60 | D        | Noticed a meat berserker
    60 | D        | Noticed The Captor
    60 | D        | Killed a destroyer
    60 | D        | Killed a bag of meat
    60 | D        | Killed a bag of meat
    60 | D        | Killed a meat berserker
    60 | D        | Killed a bag of meat
    61 | D        | Killed a bag of meat
    61 | D        | Killed a bag of meat
    62 | D        | Noticed a bag of meat
    62 | D        | Killed a large bag of meat
    62 | D        | Killed a bag of meat
    62 | D        | Killed a large bag of meat
    63 | D        | Noticed a meat berserker
    63 | D        | Noticed a bag of meat
    63 | D        | Noticed a dread
    63 | D        | Noticed a meat beast
    64 | D        | Noticed a meat berserker
    64 | D        | Noticed a meat beast
    64 | D        | Noticed a meat berserker
    64 | D        | Noticed a bag of meat
    64 | D        | Killed a meat berserker
    64 | D        | Killed a bag of meat
    64 | D        | Killed a bag of meat
    64 | D        | Killed a meat berserker
    64 | D        | Killed a meat berserker
    65 | D        | Noticed a destroyer
    65 | D        | Noticed a meat berserker
    66 | D        | Noticed a tyrant
    66 | D        | Noticed a destroyer
    66 | D        | Killed a bag of meat
    66 | D        | Killed a large bag of meat
    66 | D        | Killed a meat berserker
    66 | D        | Killed a meat berserker
    66 | D        | Killed a meat berserker
    67 | D        | Noticed a bag of meat
    67 | D        | Noticed a destroyer
    67 | D        | Noticed a destroyer
    67 | D        | Killed a bag of meat
    67 | D        | Killed a bag of meat
    67 | D        | Killed a meat beast
    68 | D        | Noticed a dread
    68 | D        | Killed a destroyer
    68 | D        | Killed a destroyer
    68 | D        | Killed a meat beast
    68 | D        | Killed a bag of meat
    69 | D        | Noticed a bag of meat
    69 | D        | Noticed a dread
    69 | D        | Noticed a large bag of meat
    69 | D        | Noticed a meat berserker
    69 | D        | Killed a destroyer
    69 | D        | Killed a bag of meat
    69 | D        | Killed a meat berserker
    70 | D        | Noticed a bag of meat
    70 | D        | Killed The Captor
    70 | D        | Killed a bag of meat
    71 | D        | Noticed a meat berserker
    71 | D        | Noticed a bag of meat
    71 | D        | Killed a bag of meat
    71 | D        | Killed a meat berserker
    71 | D        | Killed a bag of meat
    71 | D        | Noticed a destroyer
    72 | D        | Noticed a meat beast
    72 | D        | Noticed a meat berserker
    72 | D        | Killed a meat berserker
    73 | D        | Noticed a bag of meat
    73 | D        | Noticed a bag of meat
    73 | D        | Killed a bag of meat
    73 | D        | Killed a dread
    73 | D        | Killed a meat berserker
    74 | D        | Noticed a large bag of meat
    74 | D        | Noticed a sculptor of flesh
    75 | D        | Noticed a bag of meat
    75 | D        | Noticed an accursed
    75 | D        | Killed a tyrant
    75 | D        | Killed a bag of meat
    75 | D        | Killed a destroyer
    76 | D        | Noticed a bag of meat
    76 | D        | Killed a meat berserker
    76 | D        | Killed a bag of meat
    76 | D        | Killed a bag of meat
    77 | D        | Noticed a bag of meat
    77 | D        | Killed a bag of meat
    77 | D        | Killed a meat beast
    77 | D        | Killed a bag of meat
    77 | D        | Killed a meat berserker
    78 | D        | Killed a meat berserker
    78 | D        | Killed a meat berserker
    80 | D        | Noticed an accursed
    80 | D        | Killed a bag of meat
    80 | D        | Killed a sculptor of flesh
    80 | D        | Killed a dread
    80 | D        | Killed a bag of meat
    81 | D        | Noticed a tyrant
    81 | D        | Noticed a bag of meat
    81 | D        | Killed a dread
    81 | D        | Killed a bag of meat
    82 | D        | Noticed a destroyer
    82 | D        | Noticed a tyrant
    82 | D        | Killed an accursed
    83 | D        | Noticed a meat beast
    83 | D        | Noticed a meat beast
    83 | D        | Killed a wretched soul
    83 | D        | Killed a tyrant
    83 | D        | Killed a large bag of meat
    83 | D        | Killed a bag of meat
    84 | D        | Noticed a destroyer
    85 | D        | Noticed a meat beast
    85 | D        | Noticed a meat beast
    85 | D        | Noticed a bag of meat
    85 | D        | Noticed a bag of meat
    86 | D        | Noticed a large bag of meat
    86 | D        | Noticed a bag of meat
    86 | D        | Noticed a bag of meat
    86 | D        | Killed a bag of meat
    86 | D        | Killed a destroyer
    86 | D        | Killed a large bag of meat
    86 | D        | Killed a bag of meat
    86 | D        | Killed a bag of meat
    87 | D        | Killed a bag of meat
    87 | D        | Killed a meat beast
    88 | D        | Noticed a meat berserker
    88 | D        | Noticed a bag of meat
    88 | D        | Killed a meat beast
    88 | D        | Killed a bag of meat
    88 | D        | Killed a meat beast
    89 | D        | Killed a tyrant
    89 | D        | Killed a meat beast
    89 | D        | Killed a destroyer
    90 | D        | Noticed a dread
    90 | D        | Killed a bag of meat
    90 | D        | Killed a bag of meat
    91 | D        | Killed a destroyer
    92 | D        | Killed a bag of meat
    92 | D        | Killed an accursed
    93 | D        | Killed a bag of meat
    93 | D        | Killed a large bag of meat
    94 | D        | Killed a meat berserker
    95 | D        | Noticed a bag of meat
    96 | D        | Noticed a bag of meat
    96 | D        | Noticed a bag of meat
    96 | D        | Killed a wretched soul
    96 | D        | Killed a sculptor of flesh
    96 | D        | Killed a tyrant
    97 | D        | Killed a bag of meat
    97 | D        | Killed a wretched soul
    97 | D        | Killed a bag of meat
    98 | D        | Killed a bag of meat
    98 | D        | Killed a bag of meat
    99 | D        | Noticed a bag of meat
    99 | D        | Killed a bag of meat
   100 | D        | Noticed a meat beast
   100 | D        | Killed a dread
   101 | D        | Noticed The Defiler
   101 | D        | Killed an observer
   102 | D        | Noticed a destroyer
   103 | D        | Killed a bag of meat
   103 | D        | Killed a bag of meat
   103 | D        | Killed a meat beast
   104 | D        | Noticed a dread
   105 | D        | Killed a bag of meat
   105 | D        | Killed an observer
   108 | D        | Noticed a meat berserker
   109 | D        | Noticed an accursed
   109 | D        | Noticed a bag of meat
   109 | D        | Noticed a bag of meat
   109 | D        | Killed a destroyer
   109 | D        | Killed a wretched soul
   110 | D        | Killed a dread
   110 | D        | Killed a bag of meat
   111 | D        | Noticed a bag of meat
   112 | D        | Killed a meat berserker
   114 | D        | Noticed a bag of meat
   114 | D        | Noticed a bag of meat
   115 | D        | Noticed a bag of meat
   115 | D        | Killed a bag of meat
   116 | D        | Noticed a meat berserker
   116 | D        | Noticed a bag of meat
   117 | D        | Noticed an accursed
   117 | D        | Killed a bag of meat
   118 | D        | Killed an accursed
   118 | D        | Killed an observer
   118 | D        | Killed The Defiler
   119 | D        | Killed an accursed
   120 | D        | Killed a bag of meat
   120 | D        | Killed an observer
   121 | D        | Noticed a dread
   121 | D        | Noticed a bag of meat
   121 | D        | Killed a meat berserker
   122 | D        | Noticed a meat berserker
   123 | D        | Noticed a bag of meat
   123 | D        | Noticed an accursed
   124 | D        | Noticed a bag of meat
   124 | D        | Noticed a fleshlord
   124 | D        | Noticed a bag of meat
   124 | D        | Killed a bag of meat
   124 | D        | Killed an observer
   124 | D        | Killed a bag of meat
   126 | D        | Killed a wretched soul
   126 | D        | Killed a bag of meat
   126 | D        | Killed an observer
   128 | D        | Killed a meat berserker
   129 | D        | Noticed a bag of meat
   129 | D        | Noticed a fleshlord
   129 | D        | Noticed a meat berserker
   129 | D        | Noticed a sculptor of flesh
   130 | D        | Noticed a fleshlord
   130 | D        | Noticed a dread
   130 | D        | Noticed a bag of meat
   130 | D        | Killed a bag of meat
   131 | D        | Noticed a dread
   131 | D        | Killed a bag of meat
   132 | D        | Noticed a destroyer
   133 | D        | Noticed a fleshlord
   133 | D        | Killed a bag of meat
   133 | D        | Killed a bag of meat
   133 | D        | Killed a dread
   133 | D        | Killed a fleshlord
   134 | D        | Noticed a destroyer
   134 | D        | Noticed a bag of meat
   134 | D        | Killed a bag of meat
   134 | D        | Killed a wretched soul
   134 | D        | Killed a bag of meat
   134 | D        | Annihilated by a fleshlord

Action                   |  1- 3 |  4- 6 |  7- 9 | 10-12 | 13-15 | 16-18 | 19-21 | 22-24 | 25-27 || total
-------------------------+-------+-------+-------+-------+-------+-------+-------+-------+-------++-------
Melee: Executioner's axe |     1 |       |       |       |     3 |     3 |     6 |     7 |    72 ||    92
Invok: Major Destruction |       |       |       |       |       |       |       |       |     1 ||     1
       Greater Servant o |       |       |       |       |       |       |       |       |     6 ||     6
 Stab: Distracted        |       |       |       |       |       |       |       |       |     1 ||     1
